 Dungeon Crawl Stone Soup version 0.26-a0-854-gdc81c2f471 (webtiles) character file.

Game seed: 14147003977117367928

2976 iamoutofideas the Grappler (level 9, -10/79 HPs)
             Began as a Troll Hunter on Nov 22, 2020.
             Mangled by a two-headed ogre
             ... wielding a +0 dire flail
              (29 damage)
             ... on level 8 of the Dungeon.
             The game lasted 00:08:04 (5893 turns).

iamoutofideas the Grappler (Troll Hunter)           Turns: 5893, Time: 00:08:04

Health: -10/79     AC:  8    Str: 25    XL:     9   Next: 53%
Magic:  8/8        EV: 11    Int:  7    God:
Gold:   166        SH:  0    Dex: 10    Spells: 8/8 levels left

rFire    + . .     SeeInvis .     - Unarmed
rCold    x . .     Faith    .   (no shield)
rNeg     . . .     Spirit   .   b - +1 robe
rPois    .         Reflect  .   (helmet restricted)
rElec    .         Harm     .   A - +0 cloak
rCorr    .         Rampage  .   (gloves unavailable)
MR       .....                  (boots unavailable)
Stlth    +.........             F - amulet of regeneration
HPRegen  1.03/turn              w - ring of fire
MPRegen  0.11/turn              (no ring)

@: no status effects
A: large, unfitting armour, claws 3, regeneration 1, shaggy fur 1, tough skin 3
a: no special abilities


You were on level 8 of the Dungeon.
You visited 2 branches of the dungeon, and saw 9 of its levels.
You also visited: Ossuary.

You collected 649 gold pieces.
You spent 483 gold pieces at shops.

Inventory:

Missiles
 c - 5 large rocks (quivered)
 d - 2 throwing nets
 n - 2 javelins
Armour
 b - a +1 robe (worn)
 A - a +0 cloak (worn)
 G - a +0 kite shield
Jewellery
 t - an uncursed amulet of the acrobat
 w - a ring of fire (left claw)
 C - an uncursed amulet of guardian spirit
 D - an uncursed ring of flight
 F - an amulet of regeneration (around neck)
Wands
 B - a wand of acid (5)
Scrolls
 f - 4 scrolls of identify
 h - 4 scrolls of remove curse
 i - 3 scrolls of immolation
 j - 3 scrolls of teleportation
 u - a scroll of enchant weapon
 v - 3 scrolls of amnesia
 y - a scroll of enchant armour
 E - a scroll of blinking {unknown}
Potions
 a - a potion of brilliance {unknown}
 e - 2 potions of haste {unknown}
 g - 4 potions of curing
 k - 2 potions of attraction
 l - 3 potions of mutation
 m - 2 potions of flight
 o - 2 potions of heal wounds
 p - 3 potions of lignification
 q - a potion of resistance {unknown}
 r - 2 potions of might
 s - a potion of ambrosia {unknown}
 x - 2 potions of berserk rage {unknown}
 z - a potion of cancellation {unknown}
 H - a potion of invisibility {unknown}


   Skills:
 + Level 2.3 Fighting
 * Level 5.7 Throwing
 + Level 4.4 Dodging
 - Level 0.3 Stealth
 - Level 11.0 Unarmed Combat


You had 8 spell levels left.
You didn't know any spells.
Your spell library contained the following spells:

 Spells                   Type           Power        Failure   Level
 Shock                    Conj/Air       #...         43%         1
 Swiftness                Air            #.......     56%         2
 Static Discharge         Conj/Air       #.......     80%         3
 Airstrike                Air            #.........   99%         4
 Lightning Bolt           Conj/Air       #.........   100%        5


Dungeon Overview and Level Annotations

Branches:
Dungeon (8/15)             Temple (1/1) D:6         Ossuary (visited)
   Lair: D:8-11

Altars:
Ashenzari
Cheibriados
Elyvilon
Fedhas
Hepliaklqana
Kikubaaqudgha
Makhleb
Nemelex Xobeh
Qazlal
Ru
Sif Muna
Trog
Uskayaw
Vehumet
Wu Jian
Xom
Yredelemnul
Zin
The Shining One

Shops:
D:7 *

Annotations:
D:4 2 transporters, BigShawn's ghost, amateur DsIE


Innate Abilities, Weirdness & Mutations

You are too large for most types of armour.
You have claws for hands.
Your natural rate of healing is unusually fast.
You are covered in fur. (AC +1)
You have extremely tough skin. (AC +3)


Message History

You mangle the two-headed ogre!!
The two-headed ogre is almost dead.
The two-headed ogre barely misses you.
The two-headed ogre hits you with a +0 giant spiked club!!
You are too injured to fight recklessly!
You barely miss the two-headed ogre.
The two-headed ogre is almost dead.
An adder comes into view.
You scratch the two-headed ogre but do no damage.
Your claw misses the two-headed ogre.
The two-headed ogre is almost dead.
The two-headed ogre hits you with a +0 dire flail!
* * * LOW HITPOINT WARNING * * *
The two-headed ogre closely misses you.
You barely miss the two-headed ogre.
The two-headed ogre is almost dead.
The two-headed ogre hits you with a +0 dire flail.
* * * LOW HITPOINT WARNING * * *
The two-headed ogre hits you with a +0 giant spiked club!!
You die...

**+******,,,,,,,,,,* **,***,
*,,,,,,,,,,,,,,,,,** *** *,
**,,,****,,,*****,**********,
***** *,,,* *,**,,,,,,,,,
*******,,,*###*,,,,,,,,,**,
*,,,,,,,,,,..,,,,,,,,**,**,
*_*********.#*,,..,*,**,,,,
*,* ##S##....,,,,****, *,*
#@O...._.,,,,,,,,* *,*
#.##.....,,,,***** *,*
#.#*,,...,**** * #.#
#.#*****.,* * #.# #.# **,* **
#.# #.# *,* *, #.# #.# *,* *,
#.# #.# *,*******, #.#
######.# *,,,,,,**,


You could see a two-headed ogre and an adder.

Vanquished Creatures
  Duvessa (D:4)
  A black bear (D:7)
  7 sky beasts
  An orc warrior (D:7)
  A phantom (D:5)
  A necrophage (D:6)
  4 centaurs
  An ogre (D:5)
  A bullfrog (D:6)
  Dowan (D:4)
  A water moccasin zombie (D:5)
  5 scorpions
  A howler monkey (D:4)
  An orc priest (D:5)
  5 hounds
  5 orc wizards
  Terence (D:2)
  3 iguanas
  9 worker ants
  A big kobold zombie (Ossuary)
  A hound skeleton (D:4)
  9 mummies
  6 adders
  3 gnolls (D:4)
  2 white imps
  2 ufetubi (D:6)
  An ooze (D:1)
  5 worms
  A dart slug (D:1)
  5 leopard geckos
  26 orcs
  6 bats
  3 giant cockroaches
  3 goblins
  2 hobgoblins (D:1)
  11 jackals
  8 kobolds
  3 quokkas
  3 frilled lizards
  A hobgoblin zombie (Ossuary)
  A jackal skeleton (D:5)
  5 kobold zombies
  A leopard gecko zombie (D:6)
  3 orc zombies (Ossuary)
  13 rats
175 creatures vanquished.

Vanquished Creatures (collateral kills)
  An iguana (D:6)
1 creature vanquished.

Vanquished Creatures (others)
  A quokka (D:3)
  A plant (D:3)
2 creatures vanquished.

Grand Total: 178 creatures vanquished

Notes
Turn   | Place    | Note
-------+----------+-------------------------------------------
     0 | D:1      | iamoutofideas the Troll Hunter began the quest for the Orb.
     0 | D:1      | Reached XP level 1. HP: 19/19 MP: 0/0
    65 | D:1      | Reached skill level 1 in Unarmed Combat
   123 | D:1      | Reached XP level 2. HP: 23/27 MP: 1/1
   152 | D:1      | Reached skill level 2 in Unarmed Combat
   530 | D:2      | Found a sacrificial altar of Ru.
   542 | D:2      | Reached XP level 3. HP: 31/33 MP: 2/2
   575 | D:2      | Noticed Terence
   583 | D:2      | Killed Terence
   584 | D:2      | Reached skill level 3 in Unarmed Combat
   765 | D:2      | Reached XP level 4. HP: 39/41 MP: 3/3
  1040 | D:2      | Reached skill level 4 in Unarmed Combat
  1245 | D:3      | Reached XP level 5. HP: 29/48 MP: 4/4
  1297 | D:3      | Reached skill level 5 in Unarmed Combat
  1324 | D:3      | Found a white marble altar of Elyvilon.
  1842 | D:4      | Reached XP level 6. HP: 51/55 MP: 5/5
  1845 | D:4      | Reached skill level 6 in Unarmed Combat
  2115 | D:4      | Reached skill level 7 in Unarmed Combat
  2240 | D:4      | Found a transporter.
  2244 | D:4      | Found a transporter.
  2244 | D:4      | Noticed BigShawn's ghost (amateur DsIE)
  2245 | D:4      | Identified the +6 dire flail "Niwuloi" {flame, rPois rN+
                  | MR-}
  2257 | D:4      | Noticed Duvessa
  2258 | D:4      | Noticed Dowan
  2264 | D:4      | Killed Duvessa
  2265 | D:4      | Reached XP level 7. HP: 56/62 MP: 6/6
  2276 | D:4      | Killed Dowan
  2277 | D:4      | Reached skill level 8 in Unarmed Combat
  2665 | D:5      | Entered Level 5 of the Dungeon
  2743 | D:5      | Reached skill level 9 in Unarmed Combat
  2768 | D:5      | Reached XP level 8. HP: 56/70 MP: 7/7
  3311 | D:5      | Reached skill level 10 in Unarmed Combat
  3344 | D:5      | Found a radiant altar of Vehumet.
  3510 | D:5      | Found a basalt altar of Yredelemnul.
  3682 | D:5      | Reached skill level 11 in Unarmed Combat
  3763 | D:6      | Found a sand-covered staircase.
  3769 | Ossuary  | Entered an ossuary
  4137 | D:6      | Reached XP level 9. HP: 79/79 MP: 8/8
  4141 | D:6      | Found a staircase to the Ecumenical Temple.
  4173 | Temple   | Entered the Ecumenical Temple
  4939 | D:6      | Reached skill level 5 in Throwing
  5588 | D:7      | Found Zozoisol's General Store.
  5593 | D:7      | Bought an uncursed amulet of regeneration for 420 gold
                  | pieces
  5593 | D:7      | Bought a +0 kite shield for 63 gold pieces
  5887 | D:8      | Found a blossoming altar of Fedhas.
  5887 | D:8      | Noticed a two-headed ogre
  5893 | D:8      | Mangled by a two-headed ogre

Illustrated notes

Levels and vault maps discovered:
D:1:      mrwooster_arrival_arrow, layout_basic
D:2:      layout_basic, nicolae_ru_awakened_eye, uniq_terence
D:3:      layout_loops_ring, elyvilon_altar_4, corexii_shack
D:4:      layout_basic, gammafunk_ghost_smash, minmay_manual_mandibuliform,
          uniq_duvessa
D:5:      cheibrodos_barr_body, layout_basic, kennysheep_mini, vehumet_crystals
D:6:      layout_loops_ring, minmay_temple_entry_wispy,
          nicolae_ossuary_entry_giza
D:7:      minmay_spotlight, layout_cave_pools, serial_shops,
          nicolae_shop_waterfront
D:8:      hangedman_cross_veins, layout_loops_ring, overflow_temple_1_default,
          lemuel_round_altar, ebering_ghost_inner_flame, enter_bailey_3,
          basic_altar, minmay_stone_trees_small
Temple:   regret_index_temple_generic_petals

Skill      XL: |  1  2  3  4  5  6  7  8  9 |
---------------+----------------------------+-----
Unarmed Combat | 1 2 3 4 5 7 9 11 | 11.0
Dodging        | 3 4 |  4.4
Throwing       | 5 |  5.7
Fighting       | 2 |  2.3
Stealth        | |  0.3

Action                   |  1- 3 |  4- 6 |  7- 9 || total
-------------------------+-------+-------+-------++-------
Melee: Unarmed           |   103 |   156 |   264 ||   523
       Punch             |       |     4 |    10 ||    14
  Use: Potion            |       |     1 |     1 ||     2
       Scroll            |       |     3 |    15 ||    18
 Stab: Sleeping          |       |     2 |     2 ||     4
Armor: Robe              |    54 |    61 |    82 ||   197
Dodge: Dodged            |    77 |    88 |   162 ||   327

Table legend: (Time is in decaauts)
 A = Elapsed time spent in this place.
 B = Non-inter-level travel time spent in this place.
 C = Inter-level travel time spent in this place.
 D = Time resting spent in this place.
 E = Time spent auto-exploring this place.
 F = Levels seen in this place.
 G = Mean time per level.
                   A        B        C        D        E       F      G
               +--------+--------+--------+--------+--------+-----+--------+
         Total |   5837 |   5573 |    264 |    188 |   4305 |  10 |  583.7 |
       Dungeon |   5404 |   5178 |    226 |    163 |   4019 |   8 |  675.5 |
        Temple |    210 |    173 |     37 |      0 |    173 |   1 |  210.0 |
       Ossuary |    222 |    222 |      0 |     25 |    113 |   1 |  222.0 |
               +--------+--------+--------+--------+--------+-----+--------+

Top non-repeatable levels by time:
     D:5: 1076 daAuts
     D:6: 928 daAuts
     D:4: 820 daAuts
     D:7: 718 daAuts
     D:2: 678 daAuts
     D:3: 639 daAuts
     D:1: 519 daAuts
 Ossuary: 222 daAuts
  Temple: 210 daAuts
     D:8: 24 daAuts
